 Dungeon Crawl Stone Soup version 0.28.0 (webtiles) character file.

Game seed: 13306126905441267876

2 SnakkuSnakku7 the Sneak (level 1, -1/20 HPs)
             Began as a Hill Orc Delver on Feb 6, 2022.
             Slain by an adder (3 damage)
             ... on level 3 of the Dungeon.
             The game lasted 00:00:50 (417 turns).

SnakkuSnakku7 the Sneak (Hill Orc Delver)            Turns: 417, Time: 00:00:50

Health: -1/20      AC:  3    Str: 14    XL:     1   Next: 40%
Magic:  1/1        EV: 11    Int: 10    God:
Gold:   14         SH:  0    Dex: 12    Spells: 0/0 levels left

rFire   . . .      SeeInvis .   a - +0 hand axe
rCold   . . .      Faith    .   (no shield)
rNeg    . . .      Spirit   .   b - +0 leather armour
rPois   .          Reflect  .   (no helmet)
rElec   .          Harm     .   (no cloak)
rCorr   .          Rampage  .   (no gloves)
Will    .....                   (no boots)
Stlth   ++........              (no amulet)
HPRegen 0.06/turn               (no ring)
MPRegen 0.07/turn               (no ring)

@: lethally poisoned (-1 -> -6)
A: no striking features
a: no special abilities


You were on level 3 of the Dungeon.
You visited 1 branch of the dungeon, and saw 3 of its levels.

You collected 14 gold pieces.

Inventory:

Hand Weapons
 a - a +0 hand axe (weapon)
Armour
 b - a +0 leather armour (worn)
Wands
 g - a wand of digging (3)
Scrolls
 c - a scroll of fog
 d - a scroll of magic mapping
 h - a scroll of identify {unknown}
Potions
 e - a potion of heal wounds {unknown}


   Skills:
 + Level 3.7 Fighting
 + Level 2.9 Axes
 - Level 1.5 Dodging
 - Level 4.1 Stealth


You couldn't memorise any spells.
You didn't know any spells.
Your spell library was empty.

Dungeon Overview and Level Annotations

Branches:
Dungeon (5/15)
 Temple: D:4-7

Altars:
Zin


Message History

You kill the endoplasm!
The adder bites you.
You are poisoned.
The adder poisons you!
You closely miss the adder.
The adder is moderately wounded.
You feel sick. The adder bites you.
You closely miss the adder.
The adder is moderately wounded.
You feel sick.
The adder bites you but does no damage. x2
You are too injured to fight recklessly!
You are too injured to fight recklessly!
Throw: 2 boomerangs (disperse)
Press: ? - help, Q - select action Shift-Dir - straight line, f/p - adder
Aim: an adder (moderately wounded, 38% to hit)
You throw a boomerang of dispersal.
The boomerang of dispersal closely misses the adder.
You feel sick. The adder barely misses you.
Throw: boomerang (disperse)
Press: ? - help, Q - select action Shift-Dir - straight line, f/p - adder
Aim: an adder (moderately wounded, 38% to hit)
You throw a boomerang of dispersal.
The boomerang of dispersal barely misses the adder.
You feel sick.
You are no longer poisoned.
The adder bites you. The adder bites you but does no damage.
You miss the adder.
The adder is moderately wounded.
The adder misses you.
You miss the adder.
The adder is moderately wounded.
The adder bites you.
* * * LOW HITPOINT WARNING * * *
You are lethally poisoned!
The adder poisons you! The adder closely misses you.
You hit the adder.
The adder is severely wounded.
* * * LOW HITPOINT WARNING * * *
You feel sick. The adder bites you.
You die...

########## # #.#
.......... #. #.#
######..##
#.##.####.#######..##
)...##............##
......#.#######..#
.....#..........##
#.##.#.#######....
#@##.#.# #...#
..####S##.#.#######....
........................
#.#.###.#........#####..
#.+........+ ...
#.#........# ###
#.#........#
..+........#
#.#........#


You could see an adder.

Vanquished Creatures
  An endoplasm (D:3)
  A goblin (D:3)
2 creatures vanquished.

Notes
Turn   | Place    | Note
-------+----------+-------------------------------------------
     0 | D:5      | SnakkuSnakku7 the Hill Orc Delver began the quest for the
                  | Orb.
     0 | D:5      | Reached XP level 1. HP: 19/19 MP: 1/1
   360 | D:3      | Found a glowing silver altar of Zin.
   417 | D:3      | Slain by an adder

Illustrated notes

Levels and vault maps discovered:
D:3:      layout_basic, old_standard_altar, minmay_misc_feat_columns,
          minmay_lizard_king
D:4:      layout_loops_corners, uniq_crazy_yiuf_cottage, uniq_edmund
D:5:      layout_loops_corners, nicolae_ru_path_of_blood, serial_shops,
          nicolae_shop_temple_entry_statues_fountains, grunt_ministairs_12,
          hangedman_decor_clover_reticule

Action                   || total
-------------------------++-------
Melee: Hand axe          ||    11
Throw: Boomerang         ||     3
  Use: Scroll            ||     1
       Potion            ||     1
 Stab: Sleeping          ||     1
Armor: Leather armour    ||     8
Dodge: Dodged            ||    15
